 Dungeon Crawl Stone Soup version 0.20.2-3-g29329e0561 (webtiles) character file.

10293 Alfie the Blocker (level 11, 0/95 HPs)
             Began as a Hill Orc Fighter on Jan 11, 2023.
             Slain by a yak (12 damage)
             ... on level 11 of the Dungeon on Jan 12, 2023.
             The game lasted 00:35:19 (8871 turns).

Alfie the Blocker (Hill Orc Fighter)                Turns: 8871, Time: 00:35:20

Health: 0/95       AC: 15    Str: 23    XL:     11   Next: 59%
Magic:  9/9        EV:  9    Int:  8    God:
Gold:   106        SH: 18    Dex: 12    Spells: 9/10 levels left

rFire    . . .     SeeInvis +   J - +3 long sword
rCold    . . .     Gourm    .   c - +0 shield
rNeg     + . .     Faith    .   A - +1 chain mail {rN+}
rPois    +         Spirit   .   i - +1 helmet
rElec    .         Reflect  +   u - +0 cloak
rCorr    .         Harm     .   (no gloves)
MR       .....                  (no boots)
Stlth    ..........             p - +5 amulet of reflection
Regen    0.3/turn               x - ring of see invisible
MPRegen  0.2/turn               y - ring of poison resistance

@: berserk cooldown, slowed, very slow
A: talons 1, agile 1, low mp 1
a: no special abilities


You were on level 11 of the Dungeon.
You were hungry.

You visited 1 branch of the dungeon, and saw 11 of its levels.

You collected 389 gold pieces.
You spent 283 gold pieces at shops.

Inventory:

Hand Weapons
 J - a +3 long sword (weapon)
Missiles
 s - 8 tomahawks (quivered)
Armour
 c - a +0 shield (worn)
 i - a +1 helmet (worn)
 u - a +0 cloak (worn)
 A - a +1 chain mail of positive energy (worn)
Jewellery
 p - a +5 amulet of reflection (around neck)
 t - an uncursed ring of flight {unknown}
 x - a ring of see invisible (left hand)
 y - a ring of poison resistance (right hand)
 z - an uncursed ring of protection from fire
Wands
 n - a wand of lightning (9/15)
 B - a wand of polymorph (5/24)
 F - a wand of disintegration (9/24)
Scrolls
 l - 3 scrolls of fog
 m - 6 scrolls of remove curse
 q - a scroll of blinking
 r - a scroll of teleportation
 v - a scroll of fear
 w - 2 scrolls of magic mapping
 H - a scroll of amnesia
Potions
 b - a potion of lignification
 d - a potion of degeneration {unknown}
 e - a potion of agility {unknown}
 g - a potion of ambrosia
 h - a potion of mutation
 k - a potion of berserk rage
 o - 2 potions of flight
 D - a potion of brilliance {unknown}
 E - a potion of invisibility {unknown}
 G - a potion of might
 I - a potion of resistance {unknown}
Comestibles
 a - 4 fruits
 f - 7 bread rations
 C - 3 meat rations


   Skills:
 + Level 8.7 Fighting
   Level 10.1(10.3) Short Blades
 + Level 2.5(7.5) Long Blades
 + Level 1.5 Throwing
 + Level 7.1 Armour
 + Level 3.5 Dodging
 + Level 1.0 Stealth
 + Level 12.0 Shields


You had 9 spell levels left.
You knew the following spells:

 Your Spells              Type           Power        Failure   Level  Hunger
a - Freeze                Ice            #...         99%         1    ##.....


Dungeon Overview and Level Annotations

Branches:
Dungeon (11/15)            Temple (0/1) D:6
   Lair: D:8-11         Orc: D:9-12

Altars:
Gozag
Nemelex Xobeh
Trog
Yredelemnul

Shops:
D:5 [:   D:6 !   D:10 *


Innate Abilities, Weirdness & Mutations

You have sharp toenails.
You are agile. (Dex +2)
Your magical capacity is low. (-10% MP)


Message History

The crimson imp spits at you. The yak gores you but does no damage.
The yak gores you!
* * * LOW HITPOINT WARNING * * *
You can move again.
You hit the yak. You claw the yak.
The yak is moderately wounded.
The yak gores you!
* * * LOW HITPOINT WARNING * * *
You block the yak's attack.
You hit the yak.
The yak is moderately wounded.
You block the yak's attack. x2
You slash the yak!
The yak is heavily wounded.
The yak gores you but does no damage.
You hit the yak. You claw the yak.
The yak is severely wounded.
The yak gores you!
You die...

o##########..######.............
##)# #.##..#.#.#.#. #)# #(#
.######+## #..# #(##..#$. #.
##.# #.##.##l# ## .. ##.##..#.#
. #.###.....##h# ##
#..##......#5# #.
#@##.....##'######
#Y##....Y.#h#.#^#.
#h5#.....h........
##.#.Y...#####.... #....5..#
##### ##......# #......#
#...#### ##..#


You could see a yak, a crimson imp and a jackal.

Vanquished Creatures
  Josephine (D:11)
  A two-headed ogre (D:10)
  Urug (D:11)
  The ghost of Alfie the Carver, a novice MiFi (D:10)
  Maurice (D:8)
  The ghost of Alfie the Cutter, a novice HOFi (D:5)
  Psyche (D:8)
  2 trolls
  Prince Ribbit (D:7)
  2 hippogriffs
  3 wraiths
  4 yaks
  Grum (D:11)
  A hungry ghost (D:11)
  An ice beast (D:6)
  4 orc warriors
  3 sky beasts
  2 black bears (D:8)
  4 wolves (D:11)
  4 ogres
  2 phantoms
  Blork the orc (D:4)
  A big kobold (D:7)
  5 bullfrogs
  A gnoll sergeant (D:9)
  2 scorpions (D:7)
  4 killer bees (D:10)
  4 wights (D:9)
  3 crimson imps
  A bullfrog zombie (D:8)
  4 hounds
  4 jellies
  15 orc wizards
  4 orc priests
  2 bullfrog skeletons
  A centaur skeleton (D:11)
  A gnoll shaman (D:7)
  Terence (D:3)
  3 iguanas
  7 worker ants
  A killer bee zombie (D:7)
  2 worker ant zombies
  14 gnolls
  A howler monkey zombie (D:5)
  A howler monkey skeleton (D:6)
  8 adders
  A shadow imp (D:6)
  3 oozes
  3 worms
  An adder skeleton (D:5)
  A dart slug (D:2)
  4 leopard geckos
  44 orcs
  10 giant cockroaches
  6 goblins
  4 hobgoblins
  17 jackals
  10 kobolds
  4 quokkas
  3 ball pythons
  9 bats
  9 frilled lizards
  A quokka skeleton (D:9)
  3 rats (D:2)
265 creatures vanquished.

Vanquished Creatures (others)
  A centaur (D:3)
  An orc wizard (D:7)
  A kobold (D:7)
3 creatures vanquished.

Grand Total: 268 creatures vanquished

Notes
Turn   | Place    | Note
-------+----------+-------------------------------------------
     0 | D:1      | Alfie the Hill Orc Fighter began the quest for the Orb.
     0 | D:1      | Reached XP level 1. HP: 19/19 MP: 1/1
   211 | D:1      | Reached XP level 2. HP: 27/27 MP: 2/2
   946 | D:2      | Reached XP level 3. HP: 21/33 MP: 3/3
  1180 | D:2      | Reached XP level 4. HP: 25/40 MP: 4/4
  1394 | D:2      | Reached skill level 4 in Shields
  1427 | D:2      | Found a sparkling altar of Nemelex Xobeh.
  1660 | D:3      | Noticed a centaur
  1660 | D:3      | Killed a centaur
  1660 | D:3      | Reached skill level 1 in Dodging
  1660 | D:3      | Reached XP level 5. HP: 47/47 MP: 5/5
  1908 | D:3      | Found an opulent altar of Gozag.
  1911 | D:3      | Noticed Terence
  1925 | D:3      | Killed Terence
  1925 | D:3      | Reached XP level 6. HP: 53/53 MP: 6/6
  2494 | D:4      | Noticed Blork the orc
  2512 | D:4      | Killed Blork the orc
  2532 | D:4      | Reached skill level 5 in Shields
  3144 | D:4      | Reached XP level 7. HP: 54/60 MP: 7/7
  3187 | D:5      | Entered Level 5 of the Dungeon
  3189 | D:5      | Found Doloix's Armour Shoppe.
  3283 | D:5      | Found a basalt altar of Yredelemnul.
  3421 | D:5      | Found Watik's Book Shoppe.
  3434 | D:5      | Noticed Alfie's ghost (novice HOFi)
  3488 | D:5      | Killed Alfie's ghost
  3488 | D:5      | Reached skill level 5 in Fighting
  3488 | D:5      | Reached skill level 5 in Short Blades
  3589 | D:5      | Reached skill level 5 in Armour
  3589 | D:5      | Reached XP level 8. HP: 45/68 MP: 8/8
  3748 | D:5      | Reached skill level 6 in Shields
  4017 | D:6      | Found a bloodstained altar of Trog.
  4055 | D:6      | Reached skill level 1 in Throwing
  4084 | D:6      | Found Roluassigg's Distillery.
  4111 | D:6      | Bought a potion of curing for 39 gold pieces
  4111 | D:6      | Bought a potion of curing for 39 gold pieces
  4111 | D:6      | Bought a potion of heal wounds for 65 gold pieces
  4133 | D:6      | Learned a level 1 spell: Freeze
  4153 | D:6      | Found a staircase to the Ecumenical Temple.
  4414 | D:6      | Reached skill level 7 in Shields
  4540 | D:6      | Reached XP level 9. HP: 34/75 MP: 9/9
  5334 | D:7      | Reached skill level 8 in Shields
  5575 | D:7      | Noticed Prince Ribbit
  5601 | D:7      | Killed Prince Ribbit
  6091 | D:8      | Noticed Psyche
  6107 | D:8      | Killed Psyche
  6107 | D:8      | Reached skill level 9 in Shields
  6201 | D:8      | Gained mutation: You are agile. (Dex +2) [potion of mutation]
  6201 | D:8      | Gained mutation: Your magical capacity is low. (-10% MP) [potion of mutation]
  6201 | D:8      | Gained mutation: You have sharp toenails. [potion of mutation]
  6263 | D:8      | Reached XP level 10. HP: 38/84 MP: 9/9
  6396 | D:8      | Noticed Maurice
  6495 | D:8      | Killed Maurice
  6495 | D:8      | Reached skill level 1 in Stealth
  7131 | D:9      | Reached skill level 10 in Shields
  7709 | D:10     | Entered Level 10 of the Dungeon
  7841 | D:10     | Noticed a two-headed ogre
  7854 | D:10     | Killed a two-headed ogre
  8055 | D:10     | Found Kupliann's General Store.
  8105 | D:10     | Bought a meat ration for 70 gold pieces
  8105 | D:10     | Bought a bread ration for 70 gold pieces
  8135 | D:10     | Noticed Alfie's ghost (novice MiFi)
  8228 | D:10     | Killed Alfie's ghost
  8228 | D:10     | Reached skill level 11 in Shields
  8228 | D:10     | Reached XP level 11. HP: 25/94 MP: 9/9
  8257 | D:10     | Found an opulent altar of Gozag.
  8372 | D:11     | Noticed Josephine
  8486 | D:10     | Noticed a two-headed ogre
  8529 | D:11     | Killed Josephine
  8529 | D:11     | Reached skill level 10 in Short Blades
  8607 | D:11     | Noticed Urug
  8648 | D:11     | Killed Urug
  8746 | D:11     | Noticed Grum
  8767 | D:11     | Killed Grum
  8778 | D:11     | Reached skill level 1 in Long Blades
  8863 | D:11     | Reached skill level 12 in Shields
  8871 | D:11     | Slain by a yak

Skill      XL: |  1  2  3  4  5  6  7  8  9 10 11 |
---------------+----------------------------------+-----
Fighting       | 4 5 6 8 |  8.7
Short Blades   | 3 4 5 6 8 9 10 | 10.1
Shields        | 4 5 7 9 11 12 | 12.0
Armour         | 4 5 6 7 |  7.1
Dodging        | 1 2 3 |  3.5
Throwing       | 1 |  1.5
Stealth        | 1 |  1.0
Long Blades    | 2 |  2.5

Action                   |  1- 3 |  4- 6 |  7- 9 | 10-12 || total
-------------------------+-------+-------+-------+-------++-------
Melee: Rapier            |   138 |   216 |   713 |   530 ||  1597
       Kick              |       |       |     7 |   220 ||   227
       Long sword        |       |       |       |    83 ||    83
Throw: Tomahawk          |       |     4 |     8 |     9 ||    21
  Use: Scroll            |     1 |     5 |    11 |     5 ||    22
       Potion            |       |     1 |     7 |     6 ||    14
  Eat: Royal jelly       |     1 |     1 |     1 |       ||     3
       Bread ration      |       |     1 |     2 |       ||     3
       Fruit             |       |       |     2 |     4 ||     6
       Meat ration       |       |       |       |     1 ||     1
Armor: Scale mail        |   109 |    50 |    33 |       ||   192
       Chain mail        |       |       |   167 |   159 ||   326
       Skin              |       |       |       |    37 ||    37
Dodge: Dodged            |    63 |    40 |   133 |   121 ||   357
Block: Shield            |   109 |   127 |   478 |   515 ||  1229
       Reflection        |       |     5 |    17 |     2 ||    24
       Rpst.: Long sword |       |       |       |     8 ||     8
